2935 views
Uploaded 2020-02-16 21:18:26
Game version 1.32 / 1.32.1
26:09 long 3on3 ladder game on (6)ThunderLake_LV
Saved by BEARAND
2935 views
Uploaded 2020-02-16 21:18:26
Game version 1.32 / 1.32.1
26:09 long 3on3 ladder game on (6)ThunderLake_LV


85 units @ 8.5k
/ 0.9k
248 buildings @ 13.7k
/ 7.6k



| Lesser Clarity Potion | 1 | 70 |
| Staff of Sanctuary | 3 | 750 |
| Staff of Teleportation | 3 | 450 |
| Boots of Speed | 3 | 750 |
| Circlet of Nobility | 2 | 350 |
| Periapt of Vitality | 2 | 650 |
| Healing Salve | 1 | 100 |
| Orb of Lightning | 2 | 750 |
| Pendant of Mana | 1 | 600 |
| total: | 18 | 4470g |
| Peasant | 29 | 2175 | / | 0 |
| Priest | 1 | 135 | / | 10 |
| Sorceress | 1 | 155 | / | 20 |
| total: | 31 | 2465g | / | 30w |
| Scout Tower | 138 | 4140 | / | 2760 |
| Arcane Tower | 10 | 700 | / | 500 |
| Guard Tower | 46 | 3220 | / | 2300 |
| Altar of Kings | 1 | 180 | / | 50 |
| Farm | 4 | 320 | / | 80 |
| Lumber Mill | 2 | 240 | / | 0 |
| Town Hall | 2 | 770 | / | 410 |
| Arcane Vault | 2 | 260 | / | 60 |
| Arcane Sanctum | 1 | 150 | / | 140 |
| Keep | 1 | 320 | / | 210 |
| Castle | 1 | 360 | / | 210 |
| total: | 150 | 6060g | / | 3500w |
| 0:04 | Peasant |
| 0:04 | Peasant |
| 0:04 | Peasant |
| 0:07 | Altar of Kings |
| 0:11 | Farm |
| 0:15 | Peasant |
| 0:40 | Lumber Mill |
| 0:44 | Peasant |
| 0:54 | Scout Tower |
| 0:55 | Peasant |
| 1:03 | Peasant |
| 1:11 | Farm |
| 1:19 | Peasant |
| 1:22 | Arcane Tower |
| 1:37 | Peasant |
| 1:44 | Scout Tower |
| 1:48 | Farm |
| 1:52 | Farm |
| 1:58 | Peasant |
| 1:59 | Peasant |
| 2:06 | Blizzard |
| 2:11 | Peasant |
| 2:14 | Scout Tower |
| 2:20 | Guard Tower |
| 2:22 | Peasant |
| 2:47 | Guard Tower |
| 3:01 | Peasant |
| 3:18 | Peasant |
| 3:22 | Scout Tower |
| 3:25 | Scout Tower |
| 3:34 | Peasant |
| 3:44 | Staff of Teleportation |
| 3:45 | Boots of Speed |
| 3:45 | Circlet of Nobility |
| 3:51 | Scout Tower |
| 3:58 | Guard Tower |
| 3:58 | Guard Tower |
| 4:10 | Healing Salve |
| 4:18 | Lesser Clarity Potion |
| 4:40 | Arcane Tower |
| 5:07 | Keep |
| 5:31 | Improved Masonry |
| 5:45 | Scout Tower |
| 6:13 | Brilliance Aura |
| 6:21 | Town Hall |
| 6:24 | Scout Tower |
| 6:24 | Scout Tower |
| 6:27 | Scout Tower |
| 6:28 | Scout Tower |
| 6:30 | Scout Tower |
| 6:31 | Scout Tower |
| 6:40 | Scout Tower |
| 6:40 | Scout Tower |
| 6:42 | Scout Tower |
| 6:43 | Scout Tower |
| 6:49 | Arcane Tower |
| 6:50 | Guard Tower |
| 6:54 | Guard Tower |
| 6:56 | Guard Tower |
| 6:59 | Guard Tower |
| 7:10 | Guard Tower |
| 7:57 | Guard Tower |
| 8:01 | Scout Tower |
| 8:02 | Scout Tower |
| 8:02 | Scout Tower |
| 8:16 | Castle |
| 8:29 | Blizzard |
| 8:44 | Storm Bolt |
| 8:51 | Peasant |
| 8:52 | Peasant |
| 8:52 | Peasant |
| 8:52 | Peasant |
| 8:52 | Peasant |
| 8:55 | Guard Tower |
| 8:56 | Arcane Tower |
| 9:33 | Town Hall |
| 9:36 | Scout Tower |
| 9:37 | Scout Tower |
| 9:37 | Scout Tower |
| 9:38 | Scout Tower |
| 9:40 | Scout Tower |
| 9:42 | Scout Tower |
| 9:44 | Scout Tower |
| 9:45 | Scout Tower |
| 9:46 | Scout Tower |
| 9:47 | Scout Tower |
| 9:53 | Arcane Vault |
| 9:53 | Arcane Vault |
| 9:56 | Arcane Sanctum |
| 10:06 | Guard Tower |
| 10:09 | Arcane Tower |
| 10:10 | Guard Tower |
| 10:14 | Scout Tower |
| 10:16 | Scout Tower |
| 10:38 | Arcane Tower |
| 10:38 | Guard Tower |
| 10:47 | Peasant |
| 10:47 | Peasant |
| 10:47 | Peasant |
| 10:50 | Improved Lumber Harvesting |
| 11:06 | Staff of Sanctuary |
| 11:12 | Guard Tower |
| 11:17 | Guard Tower |
| 11:19 | Staff of Sanctuary |
| 11:49 | Holy Light |
| 12:07 | Pendant of Mana |
| 12:15 | Staff of Teleportation |
| 12:15 | Boots of Speed |
| 12:18 | Periapt of Vitality |
| 12:23 | Peasant |
| 12:26 | Scout Tower |
| 12:26 | Scout Tower |
| 12:27 | Scout Tower |
| 12:28 | Scout Tower |
| 12:30 | Magic Sentry |
| 12:31 | Advanced Masonry |
| 12:31 | Advanced Lumber Harvesting |
| 12:33 | Peasant |
| 12:37 | Scout Tower |
| 12:38 | Scout Tower |
| 12:38 | Scout Tower |
| 12:40 | Scout Tower |
| 12:41 | Scout Tower |
| 12:42 | Scout Tower |
| 12:43 | Scout Tower |
| 12:44 | Scout Tower |
| 12:57 | Guard Tower |
| 12:59 | Arcane Tower |
| 13:08 | Peasant |
| 13:08 | Peasant |
| 13:23 | Scout Tower |
| 13:24 | Scout Tower |
| 13:26 | Scout Tower |
| 13:29 | Scout Tower |
| 13:29 | Scout Tower |
| 13:31 | Scout Tower |
| 13:31 | Scout Tower |
| 13:33 | Scout Tower |
| 13:36 | Bash |
| 14:01 | Guard Tower |
| 14:03 | Scout Tower |
| 14:04 | Scout Tower |
| 14:05 | Scout Tower |
| 14:05 | Scout Tower |
| 14:06 | Scout Tower |
| 14:10 | Priest Adept Training |
| 14:12 | Guard Tower |
| 14:17 | Guard Tower |
| 14:23 | Guard Tower |
| 14:28 | Staff of Sanctuary |
| 14:42 | Orb of Lightning |
| 14:50 | Guard Tower |
| 15:04 | Guard Tower |
| 15:08 | Priest |
| 15:15 | Scout Tower |
| 15:15 | Scout Tower |
| 15:35 | Guard Tower |
| 15:37 | Scout Tower |
| 15:38 | Scout Tower |
| 15:47 | Priest Master Training |
| 15:48 | Imbued Masonry |
| 16:06 | Guard Tower |
| 16:11 | Sorceress |
| 16:11 | Sorceress Adept Training |
| 16:15 | Guard Tower |
| 16:33 | Scout Tower |
| 16:34 | Scout Tower |
| 16:36 | Scout Tower |
| 16:38 | Scout Tower |
| 16:54 | Guard Tower |
| 17:17 | Guard Tower |
| 17:19 | Scout Tower |
| 17:19 | Scout Tower |
| 17:23 | Scout Tower |
| 17:24 | Scout Tower |
| 17:25 | Scout Tower |
| 17:30 | Boots of Speed |
| 17:30 | Staff of Teleportation |
| 17:41 | Scout Tower |
| 17:41 | Scout Tower |
| 17:45 | Guard Tower |
| 17:49 | Scout Tower |
| 17:50 | Scout Tower |
| 17:51 | Scout Tower |
| 17:51 | Scout Tower |
| 17:52 | Scout Tower |
| 17:53 | Scout Tower |
| 17:54 | Scout Tower |
| 17:55 | Scout Tower |
| 17:56 | Scout Tower |
| 18:06 | Divine Shield |
| 18:22 | Guard Tower |
| 18:24 | Guard Tower |
| 18:48 | Scout Tower |
| 18:49 | Scout Tower |
| 18:51 | Guard Tower |
| 18:55 | Scout Tower |
| 18:55 | Scout Tower |
| 18:56 | Scout Tower |
| 18:56 | Scout Tower |
| 18:57 | Scout Tower |
| 18:57 | Scout Tower |
| 19:45 | Storm Bolt |
| 19:47 | Brilliance Aura |
| 20:15 | Arcane Tower |
| 20:17 | Guard Tower |
| 20:21 | Arcane Tower |
| 20:22 | Guard Tower |
| 20:24 | Scout Tower |
| 20:24 | Scout Tower |
| 20:25 | Scout Tower |
| 20:25 | Scout Tower |
| 20:39 | Orb of Lightning |
| 20:43 | Guard Tower |
| 20:45 | Scout Tower |
| 20:45 | Scout Tower |
| 20:46 | Scout Tower |
| 20:46 | Scout Tower |
| 20:47 | Scout Tower |
| 20:49 | Guard Tower |
| 20:50 | Scout Tower |
| 20:50 | Scout Tower |
| 20:51 | Scout Tower |
| 20:52 | Scout Tower |
| 20:52 | Scout Tower |
| 20:53 | Scout Tower |
| 20:54 | Guard Tower |
| 20:56 | Scout Tower |
| 20:57 | Scout Tower |
| 20:57 | Scout Tower |
| 20:58 | Scout Tower |
| 20:59 | Scout Tower |
| 20:59 | Scout Tower |
| 20:59 | Scout Tower |
| 21:00 | Scout Tower |
| 21:03 | Scout Tower |
| 21:03 | Scout Tower |
| 21:04 | Scout Tower |
| 21:09 | Scout Tower |
| 21:10 | Scout Tower |
| 21:10 | Scout Tower |
| 21:11 | Scout Tower |
| 21:11 | Scout Tower |
| 21:12 | Scout Tower |
| 21:12 | Scout Tower |
| 21:13 | Scout Tower |
| 21:17 | Scout Tower |
| 21:18 | Scout Tower |
| 21:19 | Scout Tower |
| 21:47 | Guard Tower |
| 21:54 | Guard Tower |
| 22:11 | Guard Tower |
| 22:33 | Guard Tower |
| 22:45 | Guard Tower |
| 23:21 | Guard Tower |
| 23:23 | Scout Tower |
| 23:25 | Scout Tower |
| 23:25 | Scout Tower |
| 23:38 | Guard Tower |
| 23:44 | Lumber Mill |
| 23:59 | Scout Tower |
| 24:01 | Scout Tower |
| 24:02 | Scout Tower |
| 24:03 | Scout Tower |
| 24:04 | Scout Tower |
| 24:05 | Scout Tower |
| 24:06 | Scout Tower |
| 24:08 | Scout Tower |
| 24:08 | Scout Tower |
| 24:27 | Guard Tower |
| 24:31 | Peasant |
| 24:35 | Circlet of Nobility |
| 24:35 | Periapt of Vitality |
| 25:04 | Holy Light |
| Right click | 1383 |
| Select group | 1131 |
| Select | 335 |
| Build/train/purchase | 149 |
| Misc. action | 99 |
| Use ability | 85 |
| Resource trade | 15 |
| Assign group | 12 |
| Item give/drop | 7 |
| Minimap ping | 2 |
| Esc | 1 |



| Staff of Sanctuary | 3 | 750 |
| Potion of Mana | 1 | 200 |
| Staff of Teleportation | 3 | 450 |
| Boots of Speed | 3 | 750 |
| Healing Salve | 2 | 200 |
| Orb of Lightning | 2 | 750 |
| Amulet of Spell Shield | 3 | 1800 |
| total: | 17 | 4900g |
| Peasant | 17 | 1275 | / | 0 |
| Priest | 1 | 135 | / | 10 |
| Sorceress | 1 | 155 | / | 20 |
| total: | 19 | 1565g | / | 30w |
| Scout Tower | 50 | 1500 | / | 1000 |
| Arcane Tower | 8 | 560 | / | 400 |
| Guard Tower | 33 | 2310 | / | 1650 |
| Altar of Kings | 1 | 180 | / | 50 |
| Farm | 4 | 320 | / | 80 |
| Lumber Mill | 1 | 120 | / | 0 |
| Town Hall | 1 | 385 | / | 205 |
| Arcane Vault | 2 | 260 | / | 60 |
| Arcane Sanctum | 1 | 150 | / | 140 |
| Keep | 1 | 320 | / | 210 |
| Castle | 1 | 360 | / | 210 |
| total: | 60 | 2915g | / | 1535w |
| 0:04 | Peasant |
| 0:04 | Peasant |
| 0:11 | Altar of Kings |
| 0:21 | Farm |
| 0:22 | Peasant |
| 0:38 | Peasant |
| 0:38 | Peasant |
| 0:40 | Farm |
| 0:54 | Scout Tower |
| 0:59 | Peasant |
| 1:13 | Lumber Mill |
| 1:16 | Scout Tower |
| 1:27 | Peasant |
| 1:27 | Peasant |
| 1:36 | Peasant |
| 1:39 | Arcane Tower |
| 1:44 | Scout Tower |
| 1:59 | Scout Tower |
| 2:06 | Peasant |
| 2:13 | Blizzard |
| 2:14 | Guard Tower |
| 2:15 | Peasant |
| 2:16 | Peasant |
| 2:32 | Scout Tower |
| 2:33 | Guard Tower |
| 2:47 | Peasant |
| 2:54 | Peasant |
| 2:54 | Peasant |
| 2:59 | Scout Tower |
| 2:59 | Scout Tower |
| 3:01 | Guard Tower |
| 3:35 | Guard Tower |
| 3:47 | Scout Tower |
| 3:48 | Scout Tower |
| 3:52 | Keep |
| 3:53 | Guard Tower |
| 4:29 | Brilliance Aura |
| 4:45 | Improved Masonry |
| 4:49 | Farm |
| 4:50 | Farm |
| 5:01 | Scout Tower |
| 5:01 | Scout Tower |
| 5:02 | Scout Tower |
| 5:03 | Scout Tower |
| 5:03 | Scout Tower |
| 5:04 | Scout Tower |
| 5:33 | Arcane Tower |
| 5:34 | Guard Tower |
| 5:34 | Guard Tower |
| 5:41 | Scout Tower |
| 5:48 | Staff of Teleportation |
| 5:55 | Guard Tower |
| 5:58 | Guard Tower |
| 6:15 | Boots of Speed |
| 6:22 | Guard Tower |
| 6:55 | Healing Salve |
| 7:13 | Town Hall |
| 7:17 | Scout Tower |
| 7:17 | Scout Tower |
| 7:26 | Blizzard |
| 8:17 | Guard Tower |
| 8:19 | Scout Tower |
| 8:19 | Scout Tower |
| 8:39 | Guard Tower |
| 8:39 | Guard Tower |
| 8:44 | Arcane Sanctum |
| 9:12 | Guard Tower |
| 9:13 | Peasant |
| 9:13 | Peasant |
| 9:17 | Storm Bolt |
| 9:26 | Scout Tower |
| 9:26 | Scout Tower |
| 9:27 | Scout Tower |
| 9:28 | Scout Tower |
| 9:29 | Scout Tower |
| 9:29 | Scout Tower |
| 9:29 | Scout Tower |
| 9:30 | Scout Tower |
| 9:31 | Scout Tower |
| 9:31 | Scout Tower |
| 9:51 | Boots of Speed |
| 9:58 | Magic Sentry |
| 9:59 | Priest |
| 10:00 | Guard Tower |
| 10:07 | Advanced Masonry |
| 10:38 | Castle |
| 10:40 | Improved Lumber Harvesting |
| 10:42 | Guard Tower |
| 10:44 | Arcane Vault |
| 10:49 | Arcane Vault |
| 10:52 | Healing Salve |
| 11:02 | Arcane Tower |
| 12:00 | Brilliance Aura |
| 12:06 | Guard Tower |
| 12:06 | Guard Tower |
| 12:26 | Scout Tower |
| 12:27 | Scout Tower |
| 12:27 | Scout Tower |
| 12:28 | Scout Tower |
| 12:28 | Scout Tower |
| 12:29 | Scout Tower |
| 12:29 | Scout Tower |
| 13:06 | Amulet of Spell Shield |
| 13:22 | Guard Tower |
| 13:32 | Bash |
| 13:54 | Orb of Lightning |
| 13:58 | Scout Tower |
| 13:58 | Scout Tower |
| 13:59 | Scout Tower |
| 13:59 | Scout Tower |
| 13:59 | Scout Tower |
| 14:13 | Guard Tower |
| 14:16 | Scout Tower |
| 14:17 | Scout Tower |
| 14:18 | Scout Tower |
| 14:18 | Scout Tower |
| 14:26 | Boots of Speed |
| 14:26 | Staff of Teleportation |
| 14:29 | Amulet of Spell Shield |
| 14:49 | Staff of Sanctuary |
| 15:08 | Staff of Sanctuary |
| 15:17 | Holy Light |
| 15:19 | Arcane Tower |
| 15:20 | Arcane Tower |
| 15:39 | Guard Tower |
| 15:42 | Advanced Lumber Harvesting |
| 16:29 | Staff of Teleportation |
| 17:05 | Imbued Masonry |
| 17:07 | Arcane Tower |
| 17:07 | Guard Tower |
| 17:09 | Scout Tower |
| 17:09 | Scout Tower |
| 17:10 | Scout Tower |
| 17:10 | Scout Tower |
| 17:58 | Staff of Sanctuary |
| 18:26 | Arcane Tower |
| 18:26 | Guard Tower |
| 18:34 | Potion of Mana |
| 19:55 | Guard Tower |
| 20:18 | Storm Bolt |
| 21:03 | Divine Shield |
| 21:20 | Sorceress |
| 21:20 | Sorceress Adept Training |
| 21:45 | Amulet of Spell Shield |
| 22:12 | Orb of Lightning |
| 22:44 | Brilliance Aura |
| 25:36 | Holy Light |
| Right click | 2382 |
| Select | 824 |
| Select group | 235 |
| Build/train/purchase | 120 |
| Use ability | 119 |
| Chat | 116 |
| Misc. action | 21 |
| Assign group | 14 |
| Minimap ping | 14 |
| Resource trade | 11 |
| Item give/drop | 10 |
⇛
iggythefisk
(26:05) : 

| Healing Salve | 4 | 400 |
| Lesser Clarity Potion | 3 | 210 |
| Orb of Lightning | 2 | 750 |
| Boots of Speed | 2 | 500 |
| Staff of Teleportation | 2 | 300 |
| Staff of Sanctuary | 1 | 250 |
| Pendant of Energy | 1 | 300 |
| Amulet of Spell Shield | 1 | 600 |
| total: | 16 | 3310g |
| Peon | 13 | 975 | / | 0 |
| Troll Batrider | 22 | 3520 | / | 880 |
| total: | 35 | 4495g | / | 880w |
| Watch Tower | 26 | 2860 | / | 2080 |
| Altar of Storms | 2 | 360 | / | 100 |
| Orc Burrow | 4 | 640 | / | 160 |
| War Mill | 1 | 205 | / | 0 |
| Voodoo Lounge | 4 | 520 | / | 120 |
| Beastiary | 1 | 145 | / | 140 |
| Stronghold | 1 | 315 | / | 190 |
| Fortress | 2 | 650 | / | 380 |
| total: | 38 | 4730g | / | 2600w |
| 0:01 | Peon |
| 0:04 | Altar of Storms |
| 0:09 | Altar of Storms |
| 0:09 | Peon |
| 0:18 | Orc Burrow |
| 0:19 | Peon |
| 0:31 | Peon |
| 0:49 | War Mill |
| 0:53 | Peon |
| 1:04 | Peon |
| 1:12 | Voodoo Lounge |
| 1:17 | Peon |
| 1:32 | Peon |
| 1:44 | Peon |
| 1:51 | Peon |
| 1:52 | Peon |
| 2:07 | Wind Walk |
| 2:12 | Watch Tower |
| 2:13 | Watch Tower |
| 2:16 | Healing Salve |
| 2:16 | Healing Salve |
| 2:16 | Lesser Clarity Potion |
| 2:22 | Lesser Clarity Potion |
| 2:43 | Watch Tower |
| 3:04 | Stronghold |
| 4:05 | Watch Tower |
| 4:25 | Watch Tower |
| 4:38 | Watch Tower |
| 4:45 | Critical Strike |
| 5:05 | Watch Tower |
| 5:18 | Boots of Speed |
| 5:18 | Staff of Teleportation |
| 5:27 | Beastiary |
| 5:36 | Orc Burrow |
| 5:44 | Reinforced Defenses |
| 5:47 | Watch Tower |
| 5:47 | Watch Tower |
| 6:31 | Troll Batrider |
| 6:34 | Orc Burrow |
| 6:42 | Watch Tower |
| 6:49 | Peon |
| 6:49 | Peon |
| 7:27 | Hex |
| 7:52 | Watch Tower |
| 7:53 | Watch Tower |
| 7:54 | Troll Batrider |
| 8:03 | Boots of Speed |
| 8:13 | Staff of Teleportation |
| 8:18 | Wind Walk |
| 8:39 | Watch Tower |
| 8:40 | Watch Tower |
| 8:45 | Healing Salve |
| 9:16 | Fortress |
| 9:58 | Watch Tower |
| 9:59 | Watch Tower |
| 10:05 | Troll Batrider |
| 10:11 | Troll Batrider |
| 10:12 | Orc Burrow |
| 10:49 | Voodoo Lounge |
| 11:56 | Healing Wave |
| 12:08 | Watch Tower |
| 12:08 | Watch Tower |
| 12:09 | Troll Batrider |
| 12:09 | Troll Batrider |
| 12:13 | Steel Armor |
| 12:23 | Orb of Lightning |
| 12:25 | Healing Salve |
| 12:40 | Voodoo Lounge |
| 13:00 | Troll Batrider |
| 13:01 | Troll Batrider |
| 13:01 | Troll Batrider |
| 13:59 | Troll Batrider |
| 14:18 | Troll Batrider |
| 14:21 | Watch Tower |
| 14:21 | Watch Tower |
| 14:27 | Orb of Lightning |
| 14:27 | Lesser Clarity Potion |
| 14:40 | Thorium Armor |
| 15:05 | Troll Batrider |
| 16:35 | Watch Tower |
| 16:35 | Watch Tower |
| 17:06 | Critical Strike |
| 17:21 | Healing Wave |
| 17:35 | Troll Batrider |
| 17:35 | Troll Batrider |
| 17:40 | Liquid Fire |
| 18:47 | Watch Tower |
| 18:48 | Watch Tower |
| 18:48 | Watch Tower |
| 18:49 | Watch Tower |
| 20:23 | Arcanite Armor |
| 20:23 | Steel Ranged Weapons |
| 20:26 | Pendant of Energy |
| 20:50 | Voodoo Lounge |
| 21:24 | Staff of Sanctuary |
| 22:55 | Critical Strike |
| 23:08 | Troll Batrider |
| 23:08 | Troll Batrider |
| 23:10 | Troll Batrider |
| 23:10 | Troll Batrider |
| 23:10 | Troll Batrider |
| 23:10 | Troll Batrider |
| 23:11 | Troll Batrider |
| 23:11 | Troll Batrider |
| 24:15 | Amulet of Spell Shield |
| 25:38 | Hex |
| Right click | 1664 |
| Select group | 738 |
| Assign group | 650 |
| Select | 216 |
| Build/train/purchase | 114 |
| Use ability | 107 |
| Resource trade | 24 |
| Misc. action | 19 |
| Chat | 16 |
| Item give/drop | 6 |
| Remove unit | 1 |
| Minimap ping | 1 |
143 units @ 21.8k
/ 2.6k
76 buildings @ 9.6k
/ 4.1k


| Wisp | 23 | 1380 | / | 0 |
| Huntress | 35 | 6825 | / | 700 |
| Glaive Thrower | 5 | 1050 | / | 325 |
| total: | 63 | 9255g | / | 1025w |
| Moon Well | 8 | 1440 | / | 320 |
| Ancient of War | 2 | 300 | / | 120 |
| Hunter's Hall | 1 | 210 | / | 100 |
| Altar of Elders | 1 | 180 | / | 50 |
| Tree of Life | 1 | 340 | / | 185 |
| Tree of Ages | 1 | 320 | / | 180 |
| Tree of Eternity | 1 | 330 | / | 200 |
| total: | 13 | 2470g | / | 775w |
| 0:09 | Wisp |
| 0:10 | Wisp |
| 0:47 | Wisp |
| 0:59 | Moon Well |
| 1:05 | Wisp |
| 1:05 | Wisp |
| 1:27 | Ancient of War |
| 2:05 | Moon Well |
| 2:18 | Wisp |
| 2:42 | Hunter's Hall |
| 3:31 | Wisp |
| 3:58 | Altar of Elders |
| 4:13 | Huntress |
| 4:13 | Huntress |
| 4:18 | Tree of Ages |
| 5:33 | Huntress |
| 5:33 | Huntress |
| 5:40 | Strength of the Moon |
| 5:52 | Huntress |
| 6:48 | Moon Glaive |
| 7:02 | Huntress |
| 7:02 | Huntress |
| 7:19 | Moon Well |
| 7:25 | Force of Nature |
| 8:58 | Huntress |
| 8:58 | Huntress |
| 8:58 | Huntress |
| 9:01 | Tree of Eternity |
| 9:05 | Moon Armor |
| 9:12 | Moon Well |
| 11:01 | Huntress |
| 11:01 | Huntress |
| 11:01 | Huntress |
| 11:01 | Huntress |
| 11:02 | Huntress |
| 11:02 | Huntress |
| 11:02 | Huntress |
| 11:23 | Huntress |
| 11:23 | Huntress |
| 11:23 | Huntress |
| 12:28 | Tree of Life |
| 12:53 | Improved Moon Armor |
| 12:54 | Improved Strength of the Moon |
| 13:03 | Moon Well |
| 14:23 | Thorns Aura |
| 14:48 | Wisp |
| 14:49 | Wisp |
| 14:49 | Wisp |
| 16:08 | Vorpal Blades |
| 16:09 | Glaive Thrower |
| 16:09 | Glaive Thrower |
| 16:09 | Glaive Thrower |
| 16:09 | Glaive Thrower |
| 16:27 | Wisp |
| 16:55 | Ancient of War |
| 18:16 | Glaive Thrower |
| 18:23 | Wisp |
| 18:23 | Wisp |
| 18:23 | Wisp |
| 18:28 | Wisp |
| 18:28 | Wisp |
| 18:28 | Wisp |
| 19:18 | Huntress |
| 19:18 | Huntress |
| 19:18 | Huntress |
| 19:18 | Huntress |
| 20:03 | Huntress |
| 20:03 | Huntress |
| 20:03 | Huntress |
| 20:18 | Wisp |
| 20:18 | Wisp |
| 20:21 | Wisp |
| 20:22 | Wisp |
| 20:29 | Wisp |
| 20:29 | Wisp |
| 21:17 | Moon Well |
| 22:05 | Immolation |
| 22:15 | Moon Well |
| 23:35 | Advanced Strength of the Moon |
| 23:36 | Advanced Moon Armor |
| 24:26 | Moon Well |
| 25:48 | Huntress |
| 25:48 | Huntress |
| 25:49 | Huntress |
| 25:49 | Huntress |
| 25:49 | Huntress |
| 25:49 | Huntress |
| 25:49 | Huntress |
| 25:49 | Huntress |
| Right click | 730 |
| Select group | 385 |
| Select | 343 |
| Build/train/purchase | 81 |
| Assign group | 21 |
| Misc. action | 15 |
| Use ability | 11 |
| Remove unit | 9 |
| Esc | 1 |
| Minimap ping | 1 |


| Scroll of Regeneration | 2 | 200 |
| Lesser Clarity Potion | 1 | 70 |
| Scroll of Town Portal | 1 | 350 |
| total: | 4 | 620g |
| Peasant | 22 | 1650 | / | 0 |
| Rifleman | 6 | 1230 | / | 180 |
| Priest | 7 | 945 | / | 70 |
| Knight | 4 | 980 | / | 240 |
| Mortar Team | 4 | 720 | / | 280 |
| Gryphon Rider | 3 | 840 | / | 210 |
| total: | 46 | 6365g | / | 980w |
| Scout Tower | 13 | 390 | / | 260 |
| Guard Tower | 8 | 560 | / | 400 |
| Altar of Kings | 1 | 180 | / | 50 |
| Farm | 14 | 1120 | / | 280 |
| Barracks | 2 | 320 | / | 120 |
| Blacksmith | 1 | 140 | / | 60 |
| Arcane Vault | 1 | 130 | / | 30 |
| Lumber Mill | 3 | 360 | / | 0 |
| Town Hall | 1 | 385 | / | 205 |
| Arcane Sanctum | 1 | 150 | / | 140 |
| Gryphon Aviary | 4 | 560 | / | 600 |
| Workshop | 1 | 140 | / | 140 |
| Keep | 1 | 320 | / | 210 |
| Castle | 1 | 360 | / | 210 |
| total: | 42 | 3875g | / | 1885w |
| 0:04 | Altar of Kings |
| 0:05 | Peasant |
| 0:09 | Farm |
| 0:11 | Peasant |
| 0:28 | Barracks |
| 0:37 | Peasant |
| 0:58 | Peasant |
| 0:58 | Peasant |
| 1:20 | Peasant |
| 1:34 | Farm |
| 2:04 | Blacksmith |
| 2:11 | Summon Water Elemental |
| 2:33 | Arcane Vault |
| 2:37 | Peasant |
| 2:43 | Farm |
| 3:15 | Lumber Mill |
| 3:17 | Peasant |
| 3:20 | Rifleman |
| 4:07 | Rifleman |
| 4:07 | Rifleman |
| 4:15 | Black Gunpowder |
| 4:45 | Scroll of Regeneration |
| 4:53 | Lesser Clarity Potion |
| 5:23 | Rifleman |
| 5:27 | Scout Tower |
| 5:29 | Scout Tower |
| 5:33 | Keep |
| 5:38 | Farm |
| 5:40 | Farm |
| 5:52 | Studded Leather Armor |
| 6:05 | Guard Tower |
| 6:06 | Scout Tower |
| 6:10 | Scout Tower |
| 6:11 | Scout Tower |
| 6:40 | Brilliance Aura |
| 7:08 | Rifleman |
| 7:10 | Farm |
| 7:12 | Farm |
| 7:14 | Guard Tower |
| 7:16 | Guard Tower |
| 7:27 | Scroll of Regeneration |
| 7:52 | Barracks |
| 8:27 | Long Rifles |
| 9:05 | Town Hall |
| 9:30 | Holy Light |
| 9:33 | Summon Water Elemental |
| 9:44 | Arcane Sanctum |
| 9:46 | Rifleman |
| 10:34 | Castle |
| 10:56 | Magic Sentry |
| 10:58 | Priest |
| 10:58 | Priest |
| 11:25 | Divine Shield |
| 11:36 | Priest |
| 11:38 | Farm |
| 11:41 | Farm |
| 11:51 | Gryphon Aviary |
| 11:54 | Gryphon Aviary |
| 12:08 | Peasant |
| 12:08 | Peasant |
| 12:24 | Guard Tower |
| 12:28 | Peasant |
| 12:28 | Peasant |
| 12:30 | Peasant |
| 12:37 | Scout Tower |
| 12:39 | Scout Tower |
| 13:06 | Peasant |
| 13:06 | Peasant |
| 13:10 | Knight |
| 13:13 | Animal War Training |
| 13:31 | Guard Tower |
| 13:58 | Knight |
| 13:59 | Sundering Blades |
| 14:16 | Priest |
| 14:16 | Priest |
| 15:06 | Improved Lumber Harvesting |
| 15:10 | Workshop |
| 15:18 | Knight |
| 15:20 | Knight |
| 15:29 | Peasant |
| 15:30 | Peasant |
| 15:30 | Peasant |
| 15:33 | Lumber Mill |
| 15:58 | Iron Forged Swords |
| 15:59 | Iron Plating |
| 16:15 | Advanced Lumber Harvesting |
| 16:22 | Priest Adept Training |
| 16:26 | Fragmentation Shards |
| 16:31 | Peasant |
| 16:31 | Peasant |
| 17:10 | Mortar Team |
| 17:10 | Mortar Team |
| 18:03 | Mortar Team |
| 18:04 | Gryphon Aviary |
| 18:06 | Farm |
| 18:06 | Farm |
| 18:58 | Blizzard |
| 20:14 | Priest |
| 20:14 | Priest |
| 20:19 | Gryphon Rider |
| 20:19 | Gryphon Rider |
| 20:19 | Gryphon Rider |
| 20:21 | Gryphon Aviary |
| 20:22 | Mortar Team |
| 20:29 | Guard Tower |
| 20:31 | Peasant |
| 20:32 | Peasant |
| 21:09 | Storm Hammers |
| 21:13 | Farm |
| 21:16 | Farm |
| 21:19 | Farm |
| 21:20 | Refined Gunpowder |
| 21:21 | Reinforced Leather Armor |
| 21:21 | Steel Forged Swords |
| 21:21 | Steel Plating |
| 21:25 | Scout Tower |
| 21:25 | Scout Tower |
| 21:26 | Scout Tower |
| 21:27 | Scout Tower |
| 21:27 | Scout Tower |
| 21:28 | Scout Tower |
| 21:47 | Scroll of Town Portal |
| 22:30 | Lumber Mill |
| 22:37 | Guard Tower |
| 22:39 | Guard Tower |
| Right click | 1030 |
| Select group | 544 |
| Select | 459 |
| Misc. action | 108 |
| Build/train/purchase | 102 |
| Assign group | 24 |
| Use ability | 10 |
| Minimap ping | 9 |
| Item give/drop | 1 |


| Healing Salve | 3 | 300 |
| Scroll of Speed | 1 | 50 |
| Lesser Clarity Potion | 2 | 140 |
| Potion of Healing | 3 | 450 |
| Orb of Lightning | 1 | 375 |
| Scroll of Town Portal | 1 | 350 |
| total: | 11 | 1665g |
| Peon | 13 | 975 | / | 0 |
| Grunt | 5 | 1000 | / | 0 |
| Wind Rider | 16 | 4240 | / | 640 |
| total: | 34 | 6215g | / | 640w |
| Watch Tower | 7 | 770 | / | 560 |
| Altar of Storms | 1 | 180 | / | 50 |
| Orc Burrow | 7 | 1120 | / | 280 |
| Barracks | 1 | 180 | / | 50 |
| Voodoo Lounge | 1 | 130 | / | 30 |
| War Mill | 1 | 205 | / | 0 |
| Great Hall | 1 | 385 | / | 185 |
| Beastiary | 2 | 290 | / | 280 |
| Stronghold | 1 | 315 | / | 190 |
| Fortress | 1 | 325 | / | 190 |
| total: | 21 | 3260g | / | 1435w |
| 0:04 | Altar of Storms |
| 0:05 | Peon |
| 0:05 | Peon |
| 0:23 | Orc Burrow |
| 0:37 | Barracks |
| 0:45 | Peon |
| 0:48 | Peon |
| 1:28 | Voodoo Lounge |
| 1:49 | Orc Burrow |
| 1:51 | Grunt |
| 2:01 | Peon |
| 2:17 | Wind Walk |
| 2:34 | War Mill |
| 2:38 | Healing Salve |
| 2:41 | Scroll of Speed |
| 3:24 | Grunt |
| 3:46 | Stronghold |
| 4:45 | Orc Burrow |
| 5:22 | Grunt |
| 5:24 | Grunt |
| 5:29 | Lesser Clarity Potion |
| 5:31 | Lesser Clarity Potion |
| 6:12 | Beastiary |
| 6:14 | Peon |
| 6:15 | Peon |
| 6:20 | Steel Ranged Weapons |
| 6:35 | Grunt |
| 6:45 | Fortress |
| 7:04 | Critical Strike |
| 7:29 | Watch Tower |
| 7:33 | Potion of Healing |
| 7:40 | Healing Salve |
| 7:47 | Healing Salve |
| 7:55 | Wind Rider |
| 7:55 | Wind Rider |
| 8:11 | Watch Tower |
| 8:33 | Wind Rider |
| 9:12 | Orc Burrow |
| 9:17 | Orb of Lightning |
| 9:29 | Envenomed Spears |
| 10:06 | Orc Burrow |
| 10:19 | Wind Walk |
| 10:31 | Beastiary |
| 10:51 | Potion of Healing |
| 11:44 | Watch Tower |
| 11:52 | Healing Wave |
| 12:00 | Wind Rider |
| 12:52 | Orc Burrow |
| 13:55 | Wind Rider |
| 14:47 | Scroll of Town Portal |
| 14:55 | Great Hall |
| 16:20 | Wind Rider |
| 18:52 | Wind Rider |
| 18:53 | Wind Rider |
| 18:55 | Peon |
| 18:55 | Peon |
| 19:01 | Watch Tower |
| 19:08 | Watch Tower |
| 19:13 | Reinforced Defenses |
| 19:14 | Spiked Barricades |
| 19:19 | Wind Rider |
| 19:41 | Wind Rider |
| 20:04 | Peon |
| 20:31 | Watch Tower |
| 20:46 | Watch Tower |
| 20:49 | Peon |
| 20:53 | Wind Rider |
| 21:09 | Orc Burrow |
| 21:31 | Potion of Healing |
| 23:03 | Wind Rider |
| 23:04 | Wind Rider |
| 23:32 | Wind Rider |
| 23:57 | Wind Rider |
| 24:11 | Wind Rider |
| 24:48 | Peon |
| 24:48 | Peon |
| Right click | 985 |
| Select | 375 |
| Build/train/purchase | 81 |
| Use ability | 17 |
| Minimap ping | 3 |
| Esc | 2 |
| Item give/drop | 1 |